 Dungeon Crawl Stone Soup version 0.24-a0-487-g57318f2ed0 (webtiles) character file.

Game seed: 4098025195476070981

22 Roran the Sneak (level 3, 0/19 HPs)
             Began as a Kobold Enchanter on July 10, 2019.
             Slain by a worm (9 damage)
             ... on level 1 of the Dungeon.
             The game lasted 00:02:34 (1006 turns).

Roran the Sneak (Kobold Enchanter)                  Turns: 1006, Time: 00:02:34

Health: 0/19       AC:  4    Str:  6    XL:     3   Next: 7%
Magic:  6/6        EV: 14    Int: 16    God:
Gold:   31         SH:  0    Dex: 15    Spells: 5/6 levels left

rFire    . . .     SeeInvis .   a - +1 dagger
rCold    . . .     Gourm    .   (shield restricted)
rNeg     + . .     Faith    .   f - +1 leather armour {rN+}
rPois    .         Spirit   .   (no helmet)
rElec    .         Reflect  .   (no cloak)
rCorr    .         Harm     .   (no gloves)
MR       .....                  (no boots)
Stlth    +++.......             (no amulet)
HPRegen  0.06/turn              (no ring)
MPRegen  0.10/turn              (no ring)

@: no status effects
A: small, carnivore
a: no special abilities


You were on level 1 of the Dungeon.
You were completely stuffed.

You visited 1 branch of the dungeon, and saw 2 of its levels.

You collected 31 gold pieces.

Inventory:

Hand Weapons
 a - a +1 dagger (weapon)
Armour
 b - a +0 robe
 f - a +1 leather armour of positive energy (worn)
Scrolls
 c - a scroll of amnesia {unknown}
 e - a scroll of remove curse {unknown}
 g - a scroll of identify {unknown}
 j - a scroll of teleportation {unknown}
 k - a scroll of random uselessness {unknown}
 l - a scroll of noise {unknown}
 m - a scroll of magic mapping {unknown}
Potions
 h - 2 potions of haste {unknown}
 i - a potion of flight {unknown}
Comestibles
 d - 2 rations


   Skills:
 + Level 2.2 Short Blades
 - Level 2.4 Dodging
 + Level 5.2 Stealth
 - Level 2.1 Spellcasting
 - Level 3.0 Hexes


You had 5 spell levels left.
You knew the following spells:

 Your Spells              Type           Power        Failure   Level  Hunger
a - Corona                Hex            ##.....      10%         1    #......

Your spell library contained the following spells:

 Spells                   Type           Power        Failure   Level  Hunger
 Ensorcelled Hibernation  Hex/Ice        #.....       26%         2    ###....
 Confuse                  Hex            ##......     28%         3    ###....
 Tukima's Dance           Hex            ##......     28%         3    ###....
 Dazzling Spray           Conj/Hex       #.....       45%         3    ###....


Dungeon Overview and Level Annotations

Branches:
Dungeon (2/15)

Altars:


Innate Abilities, Weirdness & Mutations

You are small and have problems with some larger weapons.
You are carnivorous and can eat meat at any time.


Message History

You hit the worm.
The worm is moderately wounded.
The worm misses you. The rat misses you.
You barely miss the worm.
The worm is moderately wounded.
The worm bites you.
You are too injured to fight recklessly!
You hit the worm.
The worm is moderately wounded.
The rat barely misses you.
You hit the worm but do no damage.
The worm is moderately wounded.
The rat closely misses you. The worm closely misses you.
You hit the worm.
The worm is heavily wounded.
The rat bites you but does no damage.
You barely miss the worm.
The worm is heavily wounded.
The rat closely misses you. The worm bites you!
You die...

........# #.#
######.## #.#######
##)## #.......#
##.#.## #######.#
##.###.## #)# ###.##
##.### #.# #..##
##..## #.# #.#.##
##....#####.#
#.##.###...#..sw@r.#
#.###...##...#######
...##...###.##
..........#.#
..........#.#
#.#.......#[#
#.##....#.#.##########
#.......#............#
####..###.###.######.#


You could see a worm, a giant cockroach and a rat.

Vanquished Creatures
  3 dart slugs (D:1)
  4 goblins (D:1)
  3 hobgoblins (D:1)
  A frilled lizard (D:1)
  2 kobolds (D:1)
  2 rats (D:1)
15 creatures vanquished.

Notes
Turn   | Place    | Note
-------+----------+-------------------------------------------
     0 | D:1      | Roran the Kobold Enchanter began the quest for the Orb.
     0 | D:1      | Reached XP level 1. HP: 10/10 MP: 3/3
   114 | D:1      | Reached XP level 2. HP: 12/15 MP: 5/5
   534 | D:1      | Reached skill level 5 in Stealth
   734 | D:1      | Reached XP level 3. HP: 19/19 MP: 4/6
  1006 | D:1      | Slain by a worm

Levels and vault maps discovered:
D:1:      lightli_arrival_lavapool, layout_loops_ring
D:2:      layout_loops_ring, lemuel_crystal_altar, kennysheep_okawaru_gauntlet,
          uniq_sigmund, uniq_terence, uniq_robin

Skill      XL: |  1  2 |
---------------+-------+-----
Stealth        | 5 |  5.2
Short Blades   | 2 |  2.2
Dodging        | |  2.4
Spellcasting   | |  2.1
Hexes          | |  3.0

Action                   || total
-------------------------++-------
Melee: Dagger            ||    75
 Cast: Corona            ||     4
 Stab: Sleeping          ||     3
  Eat: Chunk             ||     9
Armor: Leather armour    ||    11
Dodge: Dodged            ||    41

Table legend:
 A = Non-vault XP
 B = Vault XP
 C = Vault XP percentage of total XP
 D = Non-vault monster count
 E = Vault monster count
 F = Vault count percentage of total count
                 A         B        C        D         E       F
            +---------+---------+-------+---------+---------+-------
      Total |      32 |       0 |   0.0 |      15 |       0 |   0.0
            +---------+---------+-------+---------+---------+-------
        D:1 |      32 |       0 |   0.0 |      15 |       0 |   0.0
            +---------+---------+-------+---------+---------+-------
